 Seeded DCSS version 0.24.0 (webtiles) character file.

Game seed: 1337, levelgen mode: deterministic

62 BigChef the Ruffian (level 4, -2/29 HPs)
             Began as a Gargoyle Monk on Feb 4, 2020.
             Slain by a water moccasin (5 damage)
             ... on level 2 of the Dungeon.
             The game lasted 00:04:41 (2447 turns).

BigChef the Ruffian (Gargoyle Monk)                 Turns: 2447, Time: 00:04:42

Health: -2/29      AC:  6    Str: 16    XL:     4   Next: 8%
Magic:  4/4        EV: 13    Int: 13    God:
Gold:   104        SH:  0    Dex: 13    Spells: 3/3 levels left

rFire    . . .     SeeInvis +     - Unarmed
rCold    . . .     Gourm    .   (no shield)
rNeg     + . .     Faith    .   a - +1 robe
rPois    ∞         Spirit   .   (no helmet)
rElec    +         Reflect  .   (no cloak)
rCorr    .         Harm     .   (no gloves)
MR       .....                  (no boots)
Stlth    ++........             e - amulet of magic regeneration
HPRegen  0.09/turn              (no ring)
MPRegen  0.34/turn              (no ring)

@: no status effects
A: see invisible, clever 1, negative energy resistance 1, screaming 1,
electricity resistance, strong 1, unbreathing, petrification resistance, rot
immunity, AC +3
a: no special abilities


You were on level 2 of the Dungeon.
You were not hungry.

You visited 1 branch of the dungeon, and saw 2 of its levels.

You collected 104 gold pieces.

Inventory:

Armour
 a - a +1 robe (worn)
Jewellery
 e - an amulet of magic regeneration (around neck)
 k - an uncursed amulet of faith {unknown}
 l - an uncursed ring of positive energy
Scrolls
 d - 2 scrolls of identify
Potions
 c - a potion of curing
Comestibles
 b - 2 rations


   Skills:
 + Level 3.6 Fighting
 + Level 2.8 Dodging
 + Level 2.9 Stealth
 + Level 3.9 Unarmed Combat


You had 3 spell levels left.
You didn't know any spells.
Your spell library was empty.

Dungeon Overview and Level Annotations

Branches:
Dungeon (2/15)

Altars:


Innate Abilities, Weirdness & Mutations

You are resistant to torment.
Your stone body is resilient. (AC +3)
You are immune to poison.
You resist negative energy. (rN+)
You are resistant to electric shocks. (rElec)
You can survive without breathing.
You are immune to petrification.
You are immune to rotting.
You have supernaturally acute eyesight. (SInv)
Your mind is acute. (Int +2)
You occasionally shout uncontrollably at your foes.
Your muscles are strong. (Str +2)


Message History

The water moccasin bites you.
* * * LOW HITPOINT WARNING * * *
The hobgoblin throws a stone.
The stone closely misses you. The water moccasin closely misses you.
You feel better.
The hobgoblin throws a stone.
The stone closely misses you. The water moccasin closely misses you.
The hobgoblin throws a stone.
The stone barely misses you.
The water moccasin bites you but does no damage.
The hobgoblin throws a stone.
The stone misses you.
The hobgoblin throws a stone.
The stone closely misses you.
The hobgoblin throws a stone.
The stone closely misses you. The water moccasin bites you.
The hobgoblin throws a stone.
The stone hits you but does no damage. The water moccasin misses you.
You see here a stone.
The hobgoblin throws a stone.
The stone barely misses you. The water moccasin bites you!
* * * LOW HITPOINT WARNING * * *
The water moccasin bites you.
You die...

###.#######......#
.................#
####(............################
. .'.....(................>......
# ##.....(......###.......#######
#...........(###.......#######
#.....(.(###..##.......'......
########## ##S##.......#######
################@.####.#+#######.
..........[.)....................
#################..###.#.#######.
........)..............#.########
.#.###############..##.#.........
.#.# ##.##.########## .#.# #..#.#
.#.# ##.#.# .#.###### #.#.#


You could see a water moccasin (inner flame).

Vanquished Creatures
  3 worms (D:2)
  4 dart slugs
  4 bats
  8 goblins
  4 hobgoblins (D:2)
  4 jackals (D:1)
  3 quokkas (D:2)
  2 frilled lizards (D:2)
  5 kobolds
  5 rats
42 creatures vanquished.

Notes
Turn   | Place    | Note
-------+----------+-------------------------------------------
     0 | D:1      | BigChef the Gargoyle Monk began the quest for the Orb.
     0 | D:1      | Reached XP level 1. HP: 14/14 MP: 1/1
    61 | D:1      | Reached XP level 2. HP: 5/19 MP: 2/2
  1089 | D:2      | Reached XP level 3. HP: 19/23 MP: 3/3
  2006 | D:2      | Noticed a water moccasin
  2189 | D:2      | Reached XP level 4. HP: 29/29 MP: 4/4
  2437 | D:2      | Gained mutation: You occasionally shout uncontrollably at
                  | your foes. [potion of mutation]
  2437 | D:2      | Gained mutation: Your mind is acute. (Int +2) [potion of
                  | mutation]
  2437 | D:2      | Gained mutation: Your muscles are strong. (Str +2) [potion
                  | of mutation]
  2437 | D:2      | Gained mutation: You have supernaturally acute eyesight.
                  | (SInv) [potion of mutation]
  2447 | D:2      | Slain by a water moccasin

Levels and vault maps discovered:
D:1:      dpeg_arrival_pond, layout_loops_ring
D:2:      layout_basic, first_ration, minmay_misc_feat_four_crosses
